 Dungeon Crawl Stone Soup version 0.30-a0-377-g5cb311bc9f (webtiles) character file.

Game seed: 7636039312797389410

9169 theapuk the Severer (level 11, -3/99 HPs)
             Began as a Hill Orc Fighter on Nov 28, 2022.
             Was a High Priest of Okawaru.
             Slain by a komodo dragon (21 damage)
             ... on level 1 of the Lair of Beasts.
             The game lasted 00:28:06 (10522 turns).

theapuk the Severer (Hill Orc Fighter)             Turns: 10522, Time: 00:28:07

Health: -3/99      AC: 11    Str: 24    XL:     11   Next: 42%
Magic:  13/13      EV: 11    Int:  8    God:    Okawaru [*****.]
Gold:   275        SH:  0    Dex: 10    Spells: 10/10 levels left

rFire   + . .      SeeInvis .    w - +6 battleaxe (vorpal)
rCold   + . .      Faith    .    (shield currently unavailable)
rNeg    . . .      Spirit   .    b - +0 scale mail
rPois   +          Reflect  .    z - +0 helmet
rElec   .          Harm     .    P - scarf {rC+ rF+}
rCorr   .          Rampage  .    (no gloves)
Will    .....                    I - +0 pair of boots
Stlth   ..........               (no amulet)
HPRegen 0.36/turn                i - +4 ring of slaying
MPRegen 0.13/turn                k - ring of poison resistance

@: no status effects
A: no striking features
a: Renounce Religion, Heroism, Finesse, Duel


You were on level 1 of the Lair of Beasts.
You worshipped Okawaru.
Okawaru was extremely pleased with you.
You visited 2 branches of the dungeon, and saw 11 of its levels.
You also visited: Sewer and Ossuary.

You collected 626 gold pieces.
You spent 351 gold pieces at shops.

Inventory:

Hand Weapons
 a - a +1 war axe of venom
 w - a +6 vorpal battleaxe (weapon)
 C - a +6 battleaxe of freezing
Armour
 b - a +0 scale mail (worn)
 c - a +0 buckler
 j - a +1 cloak
 z - a +0 helmet (worn)
 F - a scarf of harm
 I - a +0 pair of boots (worn)
 P - a scarf of resistance (worn)
Jewellery
 i - a +4 ring of slaying (left hand)
 k - a ring of poison resistance (right hand)
 p - a +6 ring of intelligence
 K - a ring of willpower
 O - a ring of resist corrosion
Wands
 g - a wand of mindburst (12)
 r - a wand of roots (11)
 D - a wand of light (13)
 J - a wand of polymorph (7)
 M - a wand of flame (4)
Scrolls
 d - a scroll of amnesia
 f - 5 scrolls of butterflies
 m - 6 scrolls of identify
 o - 2 scrolls of enchant armour
 q - 4 scrolls of blinking
 s - 2 scrolls of poison
 u - a scroll of torment
 x - a scroll of fear
 y - 4 scrolls of teleportation
 E - a scroll of magic mapping
 L - 2 scrolls of summoning
 N - a scroll of brand weapon
Potions
 e - 3 potions of curing
 h - a potion of heal wounds
 l - 3 potions of mutation
 n - 3 potions of resistance
 t - 3 potions of lignification
 v - a potion of magic
 A - 2 potions of might
 B - a potion of attraction
 G - a potion of brilliance
 H - a potion of flight
 Q - a potion of haste {unknown}


   Skills:
 + Level 9.9 Fighting
 + Level 15.9 Axes
 + Level 9.3 Armour
 + Level 3.1 Dodging
 - Level 0.5 Stealth
 - Level 5.0 Shields
 * Level 2.8 Invocations


You had 10 spell levels left.
You didn't know any spells.
Your spell library contained the following spells:

 Spells                   Type           Power      Damage    Failure   Level
 Beastly Appendage        Tmut           0%         N/A       67%         1
 Wereblood                Tmut           0%         N/A       80%         2
 Spider Form              Tmut/Pois      0%         N/A       95%         3


Dungeon Overview and Level Annotations

Branches:
Dungeon (10/15)            Temple (0/1) D:7            Lair (1/5) D:10
  Sewer (visited)         Ossuary (visited)
    Orc: D:9-12

Altars:
Fedhas
Kikubaaqudgha
Nemelex Xobeh
Okawaru
Sif Muna
Yredelemnul

Shops:
D:2 *   D:10 *

Annotations:
D:2 1 runed translucent door, Crazy Yiuf


Message History

The water moccasin bites you but does no damage.
The water moccasin misses you.
You closely miss the water moccasin.
The water moccasin is heavily wounded.
The water moccasin bites you but does no damage.
You closely miss the water moccasin.
The water moccasin is heavily wounded.
The water moccasin bites you!
You slash the water moccasin!
The water moccasin is almost dead.
The water moccasin closely misses you.
You slice the water moccasin!!
You kill the water moccasin!
Okawaru accepts your kill.
No target in view!
m - 6 scrolls of identify (gained 1) HP restored.
A bullfrog comes into view.
The bullfrog gives a loud, deep croak!
A komodo dragon comes into view.
The bullfrog hits you but does no damage.
You barely miss the bullfrog. The bullfrog barely misses you.
You slice the bullfrog!!
You kill the bullfrog!
Okawaru accepts your kill.
You closely miss the komodo dragon. The komodo dragon bites you!!
You closely miss the komodo dragon. The komodo dragon bites you!
You closely miss the komodo dragon. You hit the komodo dragon.
The komodo dragon is lightly wounded.
The komodo dragon bites you!!
You are too injured to fight recklessly!
You are too injured to fight recklessly!
The komodo dragon attacks as you move away!
The komodo dragon bites you!!
* * * LOW HITPOINT WARNING * * *
You slice the komodo dragon!!
The komodo dragon is severely wounded.
The komodo dragon bites you!!
You die...

#..........
#.........# #
#.........#####.#
#.........#P#.#.#
#...............##
##................#
#....†............#
#..........@l$...#
#
##...............#
..
#................#
#.#
##...####........#
#..###...##
#.........#
#........#
#..#.###.##
#........### #...##
.#
.........#.##P..##
. ...###..........#


You could see a komodo dragon.

Vanquished Creatures
  Pikel (D:5)
  2 komodo dragons (D:10)
  A troll (D:10)
  A hornet (D:7)
  2 vampires
  2 wyverns (D:10)
  10 yaks
  3 wraiths
  3 steam dragons
  Menkaure (D:6)
  A water moccasin (Lair:1)
  3 acid dragons
  2 ice beasts
  3 sky beasts
  4 orc warriors
  2 black bears (D:6)
  An ogre (D:7)
  3 phantoms
  5 centaurs
  2 lemures (D:5)
  3 kobold brigands
  4 bullfrogs
  A gnoll sergeant (D:7)
  7 scorpions
  2 necrophages
  3 wights (D:7)
  11 killer bees
  An electric eel (D:7)
  3 jellies
  4 orc priests
  3 hounds
  Terence (D:2)
  3 iguanas (D:5)
  4 orc wizards
  A mummy (Ossuary)
  9 adders
  5 gnolls (D:7)
  4 white imps
  3 worms
  2 dart slugs
  21 orcs
  5 spectral bats (Ossuary)
  17 ball pythons
  A bat zombie (D:4)
  14 endoplasms
  9 giant cockroaches
  12 gnoll zombies (Ossuary)
  10 goblins
  8 hobgoblins
  3 jackals (D:1)
  10 quokkas
  8 bats
  2 bat simulacra (Ossuary)
  9 frilled lizards
  5 goblin simulacra (Ossuary)
  2 goblin zombies (Ossuary)
  3 hobgoblin zombies (Ossuary)
  24 kobolds
  6 kobold simulacra (Ossuary)
  4 kobold zombies (Ossuary)
  9 orc zombies (Ossuary)
  8 rats
  2 rat simulacra (Ossuary)
  2 rat zombies (D:4)
  2 spectral goblins (Ossuary)
  5 spectral kobolds (Ossuary)
  3 spectral rats (Ossuary)
330 creatures vanquished.

Vanquished Creatures (others)
  A sky beast (D:6)
1 creature vanquished.

Grand Total: 331 creatures vanquished

Notes
Turn   | Place    | Note
-------+----------+-------------------------------------------
     0 | D:1      | theapuk the Hill Orc Fighter began the quest for the Orb.
     0 | D:1      | Reached XP level 1. HP: 19/19 MP: 1/1
    24 | D:1      | You fall into a shaft and drop 1 floor!
    30 | D:2      | Noticed Terence
    41 | D:2      | Killed Terence
    42 | D:2      | Reached skill level 3 in Axes
    42 | D:2      | Reached XP level 2. HP: 14/27 MP: 2/2
    42 | D:2      | Reached XP level 3. HP: 17/33 MP: 3/3
   339 | D:1      | Reached XP level 4. HP: 40/40 MP: 4/4
   363 | D:1      | Found a faded altar of an unknown god.
   862 | D:2      | Reached skill level 4 in Axes
   946 | D:2      | Found a runed translucent door.
   947 | D:2      | Noticed Crazy Yiuf
  1033 | D:2      | Found Osos Bix's Assorted Antiques.
  1267 | D:3      | Found a basalt altar of Yredelemnul.
  1487 | D:3      | Found a sparkling altar of Nemelex Xobeh.
  1616 | D:3      | Reached XP level 5. HP: 46/46 MP: 5/5
  1905 | D:4      | Reached skill level 5 in Axes
  1905 | D:4      | Reached XP level 6. HP: 33/53 MP: 6/6
  1912 | D:4      | Found a glowing drain.
  1970 | Sewer    | Entered a sewer
  2166 | Sewer    | Reached skill level 1 in Dodging
  2301 | Sewer    | Reached skill level 5 in Fighting
  2302 | Sewer    | Reached skill level 6 in Axes
  2454 | D:4      | Found an ancient bone altar of Kikubaaqudgha.
  2489 | D:4      | Reached XP level 7. HP: 61/61 MP: 7/7
  2879 | D:5      | Entered Level 5 of the Dungeon
  2909 | D:5      | Found a sand-covered staircase.
  2961 | D:5      | Reached skill level 7 in Axes
  3149 | Ossuary  | Entered an ossuary
  3644 | D:5      | Reached skill level 5 in Armour
  3656 | D:5      | Noticed Pikel
  3663 | D:5      | Killed Pikel
  3664 | D:5      | Reached skill level 9 in Axes
  3664 | D:5      | Reached XP level 8. HP: 45/70 MP: 8/8
  4105 | D:5      | Reached skill level 5 in Shields
  4151 | D:5      | Found a shimmering blue altar of Sif Muna.
  4151 | D:5      | Found an iron altar of Okawaru.
  4159 | D:5      | Became a worshipper of Warmaster Okawaru
  4593 | D:6      | Reached skill level 10 in Axes
  4610 | D:6      | Reached XP level 9. HP: 77/78 MP: 9/9
  4743 | D:6      | Noticed Menkaure
  4753 | D:6      | Killed Menkaure
  4775 | D:6      | Identified a scroll of acquirement
  4776 | D:6      | Acquired a +4 vorpal battleaxe
  4874 | D:6      | Reached * piety under Okawaru
  4912 | D:6      | Reached skill level 11 in Axes
  5100 | D:6      | Reached ** piety under Okawaru
  5101 | D:6      | Reached skill level 12 in Axes
  5782 | D:7      | Noticed a hornet
  5786 | D:7      | Killed a hornet
  5787 | D:7      | Reached skill level 13 in Axes
  5787 | D:7      | Reached XP level 10. HP: 73/88 MP: 10/10
  6600 | D:7      | Found a staircase to the Ecumenical Temple.
  6664 | D:7      | Reached *** piety under Okawaru
  7154 | D:8      | Reached skill level 14 in Axes
  7779 | D:9      | Reached **** piety under Okawaru
  7791 | D:9      | HP: 4/91 [yak (6)]
  8087 | D:9      | Reached skill level 15 in Axes
  8087 | D:9      | Reached XP level 11. HP: 46/97 MP: 11/11
  8928 | D:10     | Entered Level 10 of the Dungeon
  8956 | D:10     | Found a blossoming altar of Fedhas.
  8968 | D:10     | Reached ***** piety under Okawaru
  9290 | D:10     | Reached skill level 1 in Invocations
  9673 | D:10     | Found Gemnub's Assorted Antiques.
  9681 | D:10     | Bought an ivory ring for 135 gold pieces
  9681 | D:10     | Bought an embroidered scarf for 216 gold pieces
 10067 | D:10     | Found a staircase to the Lair.
 10418 | Lair:1   | Entered Level 1 of the Lair of Beasts
 10522 | Lair:1   | Slain by a komodo dragon

Illustrated notes

Levels and vault maps discovered:
D:1:      minmay_arrival_wavy_path, layout_rooms, ebering_ecumenical_altar_webs
D:2:      layout_rooms, serial_shops, nicolae_shop_waterfront, minmay_domino_4,
          uniq_crazy_yiuf_cottage, uniq_terence
D:3:      layout_rooms, overflow_temple_1_default,
          mainiacjoe_overflow_tiny_flanked, serial_forest,
          infiniplex_forest_clump_C, infiniplex_forest_zigzag_1,
          infiniplex_forest_straight_2, infiniplex_forest_pool,
          infiniplex_forest_lined_3
D:4:      layout_basic, lemuel_zombie_altar_kikubaaqudgha, portal_sewer_entry_d
D:5:      layout_loops_ring, amethyst_overflow_temple_binary,
          nicolae_ossuary_entry_false_entrances, uniq_pikel
D:6:      layout_loops_ring, nzn_random_ring, uniq_menkaure
D:7:      layout_loops_ring, minmay_temple_entry_statues_fountains,
          minmay_misc_feat_four_crosses, grunt_ministairs_11, nicolae_sextant,
          reono_crystal_passage, chequers_serial_rivers_room_b,
          minmay_crystal_water, serial_park_tiny_1, kennysheep_cross_bottleneck
D:8:      layout_basic, grunt_tough_drop
D:9:      layout_basic
D:10:     layout_long_grid, fedhas_bush_and_centaur_altar, erik_lair_dragon,
          serial_shops, shop, serial_park_tiny_1
Lair:1:   layout_small_grid, lemuel_fruit_fields, uniq_harold, uniq_gastronok

Skill      XL: |  1  2  3  4  5  6  7  8  9 10 11 |
---------------+----------------------------------+-----
Fighting       | 4 5 6 7 9 |  9.9
Axes           | 3 4 5 6 9 10 13 15 | 15.9
Shields        | 4 5 |  5.0
Armour         | 4 5 6 7 8 9 |  9.3
Dodging        | 1 2 3 |  3.1
Invocations    | 2 |  2.8
Stealth        | |  0.5

Action                   |  1- 3 |  4- 6 |  7- 9 | 10-12 || total
-------------------------+-------+-------+-------+-------++-------
Melee: War axe           |    72 |   194 |   186 |       ||   452
       Battleaxe         |       |       |    61 |   183 ||   244
  Use: Scroll            |       |     6 |    16 |     3 ||    25
       Potion            |       |       |     3 |     1 ||     4
Armor: Scale mail        |    51 |    96 |   105 |   106 ||   358
Dodge: Dodged            |    46 |    79 |    89 |    96 ||   310
Block: Buckler           |    18 |    50 |    36 |       ||   104

Table legend: (Time is in decaauts)
 A = Elapsed time spent in this place.
 B = Non-inter-level travel time spent in this place.
 C = Inter-level travel time spent in this place.
 D = Time resting spent in this place.
 E = Time spent auto-exploring this place.
 F = Levels seen in this place.
 G = Mean time per level.
                   A        B        C        D        E       F      G
               +--------+--------+--------+--------+--------+-----+--------+
         Total |  10740 |  10208 |    532 |      0 |   6934 |  13 |  826.2 |
       Dungeon |   9687 |   9155 |    532 |      0 |   6648 |  10 |  968.7 |
          Lair |    102 |    102 |      0 |      0 |     79 |   1 |  102.0 |
         Sewer |    470 |    470 |      0 |      0 |     33 |   1 |  470.0 |
       Ossuary |    479 |    479 |      0 |      0 |    173 |   1 |  479.0 |
               +--------+--------+--------+--------+--------+-----+--------+

Top non-repeatable levels by time:
    D:10: 1487 daAuts
     D:6: 1214 daAuts
     D:7: 1201 daAuts
     D:8: 1152 daAuts
     D:5: 1138 daAuts
     D:9: 908 daAuts
     D:4: 827 daAuts
     D:2: 729 daAuts
     D:1: 557 daAuts
 Ossuary: 479 daAuts
   Sewer: 470 daAuts
     D:3: 470 daAuts
  Lair:1: 102 daAuts
